AoeStats
← TrissTess

Arabia

509779830Analyzed
1v1 RM · 4d ago on Sep 28, 2026· 31m 21s· 2 players
Game mode
Random Map
Map size
Tiny (2 player)
Population
200
Speed
Normal
Resources
Standard
Victory
Conquest
Starting age
Dark Age
Ending age
Imperial Age
RankedLock teamsTeams togetherTeam positionsShared explorationLock speedFull tech treeHidden civsTurbo modeCheats
Victory
Defeat
🇺🇸 Ethiopians · United States
1043
+15
🇨🇦 Vietnamese · Canada
1032
-15
TrissTess
7:44 Loom
10:31 Feudal Age
13:26 Double-Bit Axe
13:34 Horse Collar
17:02 Padded Archer Armor
19:48 Padded Archer Armor
22:16 Castle Age
21:36 Fletching
23:06 Elite Skirmisher
23:32 Crossbowman
26:11 Bodkin Arrow
27:54 Pikeman
Vinvinn
10:44 Feudal Age
11:46 Loom
16:05 Fletching
16:07 Double-Bit Axe
16:03 Horse Collar
16:49 Padded Archer Armor
23:45 Castle Age
24:09 Gold Mining
24:37 Scale Barding Armor
24:45 Forging
25:17 Bow Saw
25:08 Heavy Plow
26:04 Chain Barding Armor
25:52 Husbandry
27:47 Bodkin Arrow
28:01 Thumb Ring
28:05 Crossbowman
29:59 Elite Skirmisher
31:00 Leather Archer Armor
Connection lost

Rejoining the realm…

Still unreachable

The connection could not be restored.

Session expired

The server has moved on; the page needs a fresh start.